 Dungeon Crawl Stone Soup version 0.30-a0-50-gb2d611f6b1 (webtiles) character file.

Game seed: 15631192720277740486

22 purpskrrrp the Covered (level 2, 0/25 HPs)
             Began as a Demigod Fighter on Sept 4, 2022.
             Slain by a kobold
             ... wielding a +0 dagger
              (2 damage)
             ... on level 1 of the Dungeon.
             The game lasted 00:01:45 (339 turns).

purpskrrrp the Covered (Demigod Fighter)             Turns: 339, Time: 00:01:46

Health: 0/25       AC:  6    Str: 17    XL:     2   Next: 51%
Magic:  4/4        EV:  9    Int: 10    God:
Gold:   28         SH:  4    Dex: 13    Spells: 1/1 levels left

rFire   . . .      SeeInvis .    a - +0 flail
rCold   . . .      Faith    .    c - +0 buckler
rNeg    . . .      Spirit   .    b - +0 scale mail
rPois   .          Reflect  .    (no helmet)
rElec   .          Harm     .    (no cloak)
rCorr   .          Rampage  .    (no gloves)
Will    .....                    (no boots)
Stlth   ..........               (no amulet)
HPRegen 0.08/turn                (no ring)
MPRegen 0.09/turn                (no ring)

@: hasted, very quick
A: high MP 1, forlorn, divine attributes
a: no special abilities


You were on level 1 of the Dungeon.
You visited 1 branch of the dungeon, and saw 1 of its levels.

You collected 28 gold pieces.

Inventory:

Hand Weapons
 a - a +0 flail (weapon)
Armour
 b - a +0 scale mail (worn)
 c - a +0 buckler (worn)
Scrolls
 d - a scroll of acquirement {unknown}
 e - a scroll of brand weapon {unknown}
 g - a scroll of identify {unknown}


   Skills:
 + Level 2.8 Fighting
 * Level 2.3 Maces & Flails
 + Level 2.9 Armour
 + Level 0.3 Dodging
 + Level 0.5 Stealth
 + Level 2.8 Shields


You had one spell level left.
You didn't know any spells.
Your spell library was empty.

Dungeon Overview and Level Annotations

Branches:
Dungeon (1/15)


Innate Abilities, Weirdness & Mutations

You have an increased reservoir of magic. (+10% MP)
You shall have no god before yourself.
Your divine heritage dramatically boosts your attributes as you level up.


Message History

The kobold barely misses you. The kobold hits you with a +0 whip.
The kobold hits you with a +0 dagger. The bat hits you but does no damage.
The kobold completely misses you. The kobold hits you but does no damage.
The kobold closely misses you.
You closely miss the bat. The bat hits you but does no damage.
The bat hits you. The kobold barely misses you. The kobold closely misses you.
The kobold hits you with a +0 dagger.
You hit the bat.
You kill the bat!
The kobold hits you but does no damage. x2; The kobold barely misses you.
The kobold throws a stone.
The stone hits you but does no damage.
You see here a hobgoblin corpse.
You miss the kobold. You block the kobold's attack. x2
The kobold hits you but does no damage. x2
You sock the kobold!
You kill the kobold!
The kobold barely misses you.
You sock the frilled lizard!
You kill the frilled lizard!
You barely miss the kobold.
The kobold is moderately wounded.
The kobold hits you with a +0 whip.
* * * LOW HITPOINT WARNING * * *
You block the kobold's attack.
You barely miss the kobold.
The kobold is moderately wounded.
The kobold barely misses you. The kobold hits you but does no damage.
The kobold barely misses you. The kobold hits you but does no damage.
You barely miss the kobold.
The kobold is moderately wounded.
You block the kobold's attack. The kobold hits you with a +0 dagger.
* * * LOW HITPOINT WARNING * * *
It was a potion of haste.
You feel yourself speed up. The kobold closely misses you.
You block the kobold's attack.
You hit the kobold.
You kill the kobold!
The kobold hits you with a +0 dagger.
* * * LOW HITPOINT WARNING * * *
You barely miss the kobold. The kobold hits you with a +0 dagger.
You die...

#..........##.#.##....
###....... ..#8.#.8#..#.
#........# #.##.#.##.###
##........###.#8.#.8#.###
......##...#..##.#.##..#.
.......#......#8...8#....
......).#†....###'###....
.....#K#................
.......)@................
......###################
...... ..... ..... ####


You could see a kobold.

Vanquished Creatures
  4 goblins (D:1)
  3 hobgoblins (D:1)
  4 jackals (D:1)
  3 kobolds (D:1)
  4 bats (D:1)
  A frilled lizard (D:1)
19 creatures vanquished.

Notes
Turn   | Place    | Note
-------+----------+-------------------------------------------
     0 | D:1      | purpskrrrp the Demigod Fighter began the quest for the Orb.
     0 | D:1      | Reached XP level 1. HP: 18/18 MP: 3/3
    32 | D:1      | Reached XP level 2. HP: 10/25 MP: 4/4
   339 | D:1      | Slain by a kobold

Illustrated notes

Levels and vault maps discovered:
D:1:      heliophobic_arrival_ceremonial_halls, layout_rooms,
          hellmonk_ecumenical_altar_crossroads

Skill      XL: |  1 |
---------------+----+-----
Maces & Flails | 2 |  2.3
Fighting       | |  2.8
Armour         | |  2.9
Dodging        | |  0.3
Stealth        | |  0.5
Shields        | |  2.8

Action                   || total
-------------------------++-------
Melee: Flail             ||    47
  Use: Potion            ||     2
Armor: Scale mail        ||    49
Dodge: Dodged            ||    52
Block: Buckler           ||    18

Table legend: (Time is in decaauts)
 A = Elapsed time spent in this place.
 B = Non-inter-level travel time spent in this place.
 C = Inter-level travel time spent in this place.
 D = Time resting spent in this place.
 E = Time spent auto-exploring this place.
 F = Levels seen in this place.
 G = Mean time per level.
                   A        B        C        D        E       F      G
               +--------+--------+--------+--------+--------+-----+--------+
         Total |    353 |    353 |      0 |      0 |    251 |   1 |  353.0 |
       Dungeon |    353 |    353 |      0 |      0 |    251 |   1 |  353.0 |
               +--------+--------+--------+--------+--------+-----+--------+

Top non-repeatable levels by time:
     D:1: 353 daAuts
